 Dungeon Crawl Stone Soup version 0.19-a0-683-g5f2401d (webtiles) character file.

23 George the Grave Robber (level 2, -3/19 HPs)
             Began as a Mummy Necromancer on June 17, 2016.
             Killed from afar by Natasha (8 damage)
             ... with a magic dart
             ... on level 2 of the Dungeon.
             The game lasted 00:01:58 (683 turns).

George the Grave Robber (Mummy Necromancer)          Turns: 683, Time: 00:01:58

Health: -3/19      AC:  2    Str: 11    XL:     2   Next: 75%
Magic:  4/5        EV: 12    Int: 14    God:
Gold:   63         SH:  0    Dex: 12    Spells: 2 memorised, 3 levels left

rFire  x . .     SeeInvis .     e - +0 short sword
rCold  + . .     Gourm    .     a - +0 robe
rNeg   + + +     Faith    .     (no shield)
rPois  ∞         Spirit   .     (no helmet)
rElec  .         Dismiss  .     (no cloak)
rCorr  .         Reflect  .     (no gloves)
SustAt .         Harm     .     (no boots)
MR     .....                    (no amulet)
Stlth  ++........               (no ring)
                                (no ring)

@: not resistant to hostile enchantments, unstealthy
A: no food or potions, fire vulnerability, cold resistance 1, negative energy
resistance 3, torment resistance, unbreathing
a: no special abilities


You were on level 2 of the Dungeon.
You were not hungry.

You visited 1 branch of the dungeon, and saw 2 of its levels.

You collected 63 gold pieces.

Inventory:

Hand Weapons
 e - a +0 short sword (weapon)
Armour
 a - a +0 robe (worn)
Scrolls
 c - a scroll of remove curse {unknown}
 d - a scroll of amnesia {unknown}
Books
 b - a book of Necromancy

   Spells                             Type                      Level
   a - Pain                           Necromancy                   1
   b - Animate Skeleton               Necromancy                   1
   c - Vampiric Draining              Necromancy                   3
   d - Regeneration                   Charms/Necromancy            3
   e - Animate Dead                   Necromancy                   4
   f - Control Undead                 Necromancy                   4


   Skills:
 - Level 1.5 Dodging
 - Level 1.5 Stealth
 - Level 2.0 Spellcasting
 + Level 4.8 Necromancy


You had 3 spell levels left.
You knew the following spells:

 Your Spells              Type           Power        Failure   Level  Hunger
a - Pain                  Necr           ###.         3%          1    N/A
b - Animate Skeleton      Necr           N/A          3%          1    N/A

Dungeon Overview and Level Annotations

Branches:
Dungeon (2/15)

Altars:

Annotations:
D:2 Natasha


Innate Abilities, Weirdness & Mutations

You do not eat or drink.
Your flesh is vulnerable to fire.
You are immune to poison.
Your flesh is cold resistant. (rC+)
You are immune to negative energy. (rN+++)
You are immune to unholy pain and torment.
You can survive without breathing.


Message History

Casting: Pain
Confirm with . or Enter, or press ? or * to list all spells.
Aiming: Pain
Press: ? - help, Shift-Dir - straight line, f - Natasha
Aim: Natasha (chance to defeat MR: 73%) Natasha convulses in agony!
The shadow imp hits you. Natasha casts a spell at you. The magic dart hits you!
Your adder skeleton bites the shadow imp.
Natasha claws you.
* * * LOW HITPOINT WARNING * * *
The shadow imp barely misses you.
Your adder skeleton bites the shadow imp.
The shadow imp gestures at you.
You are unaffected.
Your adder skeleton misses the shadow imp.
Natasha casts a spell at you. The magic dart hits you!
You die...

######......# #.#
.............# #.#####
.........###(###.....###
..........##.##.........
........#.##.##.........
........#..#.##.........
........##.#.##.........
........##...##........%
.......@###..##.........
.........#..>##....≈≈##.
.......h5#.####..≈##≈≈##
.........Z.# #.%#≈≈#≈≈≈
.########### ##.##≈≈≈≈≈≈
####..≈≈#≈≈≈#≈
#.....#≈≈≈≈≈≈≈
#.###.##≈#≈≈#≈ #.#
#..#≈≈≈≈≈≈


You could see Natasha, a shadow imp and a friendly adder skeleton.

Vanquished Creatures
  An adder (D:2)
  A giant gecko (D:1)
  A ball python (D:1)
  A bat (D:1)
  3 giant cockroaches (D:1)
  2 hobgoblins
  2 giant newts
  2 rats
13 creatures vanquished.

Vanquished Creatures (others)
  4 toadstools (D:1)
4 creatures vanquished.

Grand Total: 17 creatures vanquished

Notes
Turn   | Place    | Note
--------------------------------------------------------------
     0 | D:1      | George the Mummy Necromancer began the quest for the Orb.
     0 | D:1      | Reached XP level 1. HP: 13/13 MP: 3/3
   328 | D:1      | Learned a level 1 spell: Animate Skeleton
   339 | D:1      | Reached XP level 2. HP: 19/19 MP: 1/5
   677 | D:2      | Noticed Natasha
   683 | D:2      | Killed from afar by Natasha

Vault maps used:
D:1:      ldierk_water_garden
D:2:      minivault_4, minmay_rat_hole, uniq_natasha

Action                   || total
-------------------------++-------
 Cast: Pain              ||    25
       Animate Skeleton  ||     2
Armor: Robe              ||     1
Dodge: Dodged            ||     1
